 Dungeon Crawl Stone Soup version 0.31-a0-360-gb3e1d13bf4 (webtiles) character file.

Game seed: 16679357480266973958

163 randomguy2701 the Trooper (level 5, 0/47 HPs)
             Began as a Minotaur Fighter on July 27, 2023.
             Slain by Sigmund
             ... wielding a +1 scythe of venom
              (4 damage)
             ... on level 3 of the Dungeon.
             The game lasted 00:02:06 (2076 turns).

randomguy2701 the Trooper (Minotaur Fighter)        Turns: 2076, Time: 00:02:07

Health: 0/47       AC:  7    Str: 20    XL:     5   Next: 20%
Magic:  4/4        EV:  9    Int:  5    God:
Gold:   98         SH:  5    Dex: 12    Spells: 4/4 levels left

rFire   . . .        a - +0 war axe
rCold   . . .        c - +0 buckler
rNeg    . . .        b - +0 scale mail
rPois   .            (helmet restricted)
rElec   .            (no cloak)
rCorr   .            (no gloves)
SInv    .            (no boots)
Will    .....        (no amulet) Stlth
                     (no ring)
HPRegen 0.27/turn    (no ring)
MPRegen 0.09/turn

%: no passive effects
@: no status effects
A: horns 2, retaliatory headbutt
a: no special abilities


You were on level 3 of the Dungeon.
You visited 1 branch of the dungeon, and saw 3 of its levels.

You collected 98 gold pieces.

Inventory:

Hand Weapons
 a - a +0 war axe (weapon)
Armour
 b - a +0 scale mail (worn)
 c - a +0 buckler (worn)
Wands
 k - a wand of digging (2)
Scrolls
 g - a scroll of revelation {unknown}
 h - 3 scrolls of immolation {unknown}
 i - 3 scrolls of identify {unknown}
 j - a scroll of fear {unknown}
 m - a scroll of noise {unknown}
 n - a scroll of blinking {unknown}
Potions
 d - a potion of might
 e - a potion of magic {unknown}
 f - a potion of invisibility {unknown}
 o - a potion of brilliance {unknown}


   Skills:
 + Level 4.8 Fighting
 + Level 4.2 Axes
 + Level 4.8 Armour
 + Level 0.5 Dodging
 + Level 4.1 Shields


You had 4 spell levels left.
You didn't know any spells.
Your spell library was empty.

Dungeon Overview and Level Annotations

Branches:
Dungeon (3/15)

Altars:

Shops:
D:2 [

Annotations:
D:3 Sigmund


Innate Abilities, Weirdness & Mutations

You have a pair of horns on your head.
You reflexively headbutt those who attack you in melee.


Message History

You feel very sick.
You bump into the rock wall.
You feel less confused.
* * * LOW HITPOINT WARNING * * *
You feel very sick. Sigmund closely misses you.
You hit Sigmund but do no damage.
* * * LOW HITPOINT WARNING * * *
You feel very sick. Sigmund hits you but does no damage.
You are lethally poisoned!
* * * LOW HITPOINT WARNING * * *
You feel very sick.
* * * LOW HITPOINT WARNING * * *
You feel sick. Sigmund barely misses you.
Sorry, you're not good enough to have a special ability.
It was a potion of curing.
You feel better.
Sigmund hits you from afar with a +1 scythe of venom.
* * * LOW HITPOINT WARNING * * *
You are poisoned.
You feel sick.
You feel sick. Sigmund gestures at you while chanting.
You are confused.
A kobold comes into view. It is wielding a +0 dagger.
You feel sick.
The kobold shouts!
You feel sick.
You feel sick. Sigmund barely misses you. The kobold misses you.
You completely miss Sigmund. You slash the kobold!
You kill the kobold!
You feel sick. Sigmund hits you but does no damage.
You barely miss Sigmund.
You feel sick.
You are no longer poisoned.
Sigmund barely misses you.
You see here a +0 dagger.
You feel less confused.
Sigmund screams, "Die, monster!"
Sigmund hits you with a +1 scythe of venom.
You die...

#<#........#
.... .. #
##.......# ....
. ##......#
#......# ####.
.
#......##.....
. ###..........
. #...#...K#.#
.
.###.##@......#
.
.......@....###
. ....####)...#
.
.............#
.
#########....#
. #....# .
#....# # ######


You could see Sigmund and a kobold.

Vanquished Creatures
  Natasha (thrice) (D:2)
  4 adders
  A worm (D:2)
  A dart slug (D:2)
  5 bats
  5 endoplasms
  2 goblins
  5 hobgoblins
  5 kobolds
  8 quokkas
  5 ball pythons
  A frilled lizard (D:2)
  5 rats
50 creatures vanquished.

Notes
Turn   | Place    | Note
-------+----------+-------------------------------------------
     0 | D:1      | randomguy2701 the Minotaur Fighter began the quest for the
                  | Orb.
     0 | D:1      | Reached XP level 1. HP: 19/19 MP: 0/0
   254 | D:1      | Reached XP level 2. HP: 27/27 MP: 1/1
   328 | D:1      | Found a faded altar of an unknown god.
   778 | D:2      | Reached XP level 3. HP: 30/33 MP: 2/2
   789 | D:2      | Found Xeehamet's Armour Shoppe.
  1183 | D:2      | Noticed Natasha
  1191 | D:2      | Killed Natasha
  1192 | D:2      | Reached XP level 4. HP: 26/40 MP: 3/3
  1459 | D:2      | Noticed Natasha
  1464 | D:2      | Killed Natasha
  1893 | D:2      | Noticed Natasha
  1901 | D:2      | Killed Natasha
  1902 | D:2      | Reached XP level 5. HP: 36/47 MP: 4/4
  2056 | D:3      | Noticed Sigmund
  2076 | D:3      | Slain by Sigmund

Illustrated notes

Levels and vault maps discovered:
D:1:      giann_horns, layout_basic, chequers_ecumenical_altar_grove
D:2:      layout_basic, serial_shops, shop, bh_walls_and_bars, uniq_natasha
D:3:      layout_rooms, uniq_ijyb, uniq_crazy_yiuf_cottage, uniq_sigmund

Skill      XL: |  1  2  3  4 |
---------------+-------------+-----
Shields        | 4 |  4.1
Fighting       | 4 |  4.8
Armour         | 4 |  4.8
Axes           | 3 4 |  4.2
Dodging        | |  0.5

Action                     |  1- 3 |  4- 6 || total
---------------------------+-------+-------++-------
  Melee: War axe           |    68 |    35 ||   103
         Headbutt          |    10 |     4 ||    14
    Use: Potion            |       |     1 ||     1
 Armour: Scale mail        |    48 |     9 ||    57
  Dodge: Dodged            |    39 |    25 ||    64
  Block: Buckler           |    19 |     5 ||    24

Table legend: (Time is in decaauts)
 A = Elapsed time spent in this place.
 B = Non-inter-level travel time spent in this place.
 C = Inter-level travel time spent in this place.
 D = Time resting spent in this place.
 E = Time spent auto-exploring this place.
 F = Levels seen in this place.
 G = Mean time per level.
                   A        B        C        D        E       F      G
               +--------+--------+--------+--------+--------+-----+--------+
         Total |   2114 |   1992 |    122 |      0 |   1691 |   3 |  704.7 |
       Dungeon |   2114 |   1992 |    122 |      0 |   1691 |   3 |  704.7 |
               +--------+--------+--------+--------+--------+-----+--------+

Top non-repeatable levels by time:
     D:2: 1313 daAuts
     D:1: 662 daAuts
     D:3: 138 daAuts
